 Dungeon Crawl Stone Soup version 0.32-a0-892-g40b700c (webtiles) character file.

Game seed: 4375773465202804347

123 monika the Sneak (level 5, -4/29 HPs)
             Began as a Kobold Enchanter on Apr 3, 2024.
             Slain by an ice beast (14 damage)
             ... on level 3 of the Dungeon.
             The game lasted 00:10:58 (2672 turns).

monika the Sneak (Kobold Enchanter)                 Turns: 2672, Time: 00:10:59

Health: -4/29      AC:  3    Str:  5    XL:     5   Next: 28%
Magic:  5/8        EV: 14    Int: 17    God:
Gold:   196        SH:  0    Dex: 17    Spells: 0/8 levels left

rFire   . . .        g - +0 dagger (venom)
rCold   . . .        (no shield)
rNeg    . . .        b - +0 robe
rPois   .            m - +0 helmet
rElec   .            (no cloak)
rCorr   .            (no gloves)
SInv    .            (no boots)
Will    .....        (no amulet)
Stlth   ++++         (no ring)
HPRegen 0.24/turn    (no ring)
MPRegen 0.11/turn

%: no passive effects
@: very slightly contaminated
A: small, no large weapons, nightstalker 3
a: no special abilities


You were on level 3 of the Dungeon.
You visited 1 branch of the dungeon, and saw 3 of its levels.

You collected 196 gold pieces.

Inventory:

Hand Weapons
 a - a +1 dagger
 g - a +0 dagger of venom (weapon)
 h - a +2 short sword of speed
Missiles
 e - 5 poisoned darts
Armour
 b - a +0 robe (worn)
 m - a +0 helmet (worn)
Jewellery
 o - a ring of fire
Scrolls
 d - a scroll of fear
 i - 3 scrolls of fog
 l - a scroll of blinking
 n - a scroll of poison {unknown}
 q - a scroll of amnesia {unknown}
 s - a scroll of noise
Potions
 c - 2 potions of invisibility
 f - a potion of cancellation
 j - a potion of might {unknown}
 k - a potion of curing {unknown}
 p - a potion of brilliance {unknown}
 r - a potion of mutation {unknown}


   Skills:
 - Level 1.0 Fighting
 - Level 2.0 Short Blades
 - Level 3.0 Dodging
 + Level 5.6 Stealth
 - Level 2.2 Spellcasting
 + Level 0.6 Conjurations
 + Level 3.9 Hexes
 - Level 1.0 Ice Magic


You couldn't memorise any spells.
You knew the following spells:

 Your Spells              Type           Power      Damage    Failure   Level
a - Ensorcelled Hibernat  Hex/Ice        20%        N/A       11%         2
b - Confusing Touch       Hex            15%        N/A       11%         3
c - Dazzling Flash        Conj/Hex       18%        N/A       22%         3

Your spell library contained the following spells:

 Spells                   Type           Power      Damage    Failure   Level
 Tukima's Dance           Hex            15%        N/A       11%         3


Dungeon Overview and Level Annotations

Branches:
Dungeon (3/15)

Altars:

Annotations:
D:3 Grinder


Innate Abilities, Weirdness & Mutations

You are small and have problems with some larger weapons.
You are completely attuned to the shadows.


Message History

Placed new exclusion.
Jessica the Apprentice Sorceress comes into view.
She is wielding a +0 club.
The helpless Jessica fails to defend herself.
You impale Jessica!!
You kill Jessica!
Things that are here:
a +0 club; a +0 robe; the human corpse of Jessica
Things that are here:
a +0 club; a +0 robe; the human corpse of Jessica Partly explored, can't reach some items and places.
Removed exclusion.
Press: ? - help, . - travel, g - get item You can't see that place. [Stash: a scroll labelled XUF EMUEXUBB] [the floor.] Removed exclusion.
Casting: Ensorcelled Hibernation (safe; 11% risk of failure)
Confirm with . or Enter, or press ? or * to list all spells.
Okay, then.
The helpless ice beast fails to defend itself.
You impale the ice beast!!
The ice beast is almost dead.
The ice beast hits you. The ice beast freezes you.
Casting: Ensorcelled Hibernation (safe; 11% risk of failure)
Confirm with . or Enter, or press ? or * to list all spells.
You don't know that spell.
Unknown command.
Casting: Ensorcelled Hibernation (safe; 11% risk of failure)
Confirm with . or Enter, or press ? or * to list all spells.
Casting: Dazzling Flash (quite dangerous; 22% risk of failure)
Press: ? - help, Dir - look around, f - activate You miscast Dazzling Flash.
You are very lightly contaminated with residual magic.
Nothing appears to happen.
The ice beast hits you. The ice beast freezes you!
You barely miss the ice beast.
The ice beast is almost dead.
You hit the ice beast but do no damage.
The ice beast is almost dead.
The ice beast hits you. The ice beast freezes you!
You die...

#.# ####.###........<....#.##. #
#.# ##...................... #
#.## #..............#....#### #
#..####.......[......#..####.. #
##.##....##.............##...#
#####.......##................##.
.......#######.............#####.
.......# ##..........#..## #.
######.# #.@.......###..###. #
#.# #..Y.............### # #.##
#..?.......####..... # #..##
#..........# #..##. #
##..#####..........# ##.##. #
##.##......?......# #.##. #
#....###........## #.### # ######
##......## ###.### # ########
#......


You could see an ice beast.

Vanquished Creatures
  Jessica (D:3)
  Robin (D:2)
  2 adders (D:3)
  2 dart slugs (D:3)
  2 ribbon worms (D:3)
  2 giant cockroaches
  10 goblins
  11 hobgoblins
  3 jackals (D:3)
  2 ball pythons (D:1)
  2 bats (D:1)
  7 frilled lizards
  4 kobolds
  11 rats
60 creatures vanquished.

Notes
Turn   | Place    | Note
-------+----------+-------------------------------------------
     0 | D:1      | monika the Kobold Enchanter began the quest for the Orb.
     0 | D:1      | Reached XP level 1. HP: 10/10 MP: 3/3
    79 | D:1      | Reached XP level 2. HP: 8/15 MP: 5/5
   108 | D:1      | Learned a level 2 spell: Ensorcelled Hibernation
   309 | D:1      | Reached XP level 3. HP: 19/19 MP: 0/6
   313 | D:1      | Learned a level 3 spell: Confusing Touch
  1129 | D:2      | Noticed Robin
  1355 | D:2      | Reached skill level 1 in Fighting
  1361 | D:2      | Killed Robin
  1362 | D:2      | Reached XP level 4. HP: 13/25 MP: 4/7
  1386 | D:2      | Reached skill level 5 in Stealth
  1890 | D:3      | Noticed an ice beast
  2032 | D:3      | Reached skill level 1 in Ice Magic
  2541 | D:3      | Reached XP level 5. HP: 29/29 MP: 5/8
  2570 | D:3      | Noticed Grinder
  2576 | D:3      | Learned a level 3 spell: Dazzling Flash
  2579 | D:3      | Noticed Jessica
  2583 | D:3      | Killed Jessica
  2672 | D:3      | Slain by an ice beast

Illustrated notes

Levels and vault maps discovered:
D:1:      dreamdust_arrival_beginning_and_end, layout_loops_ring,
          minmay_rat_gold_closets
D:2:      layout_basic, kennysheep_generic_room_5, uniq_robin
D:3:      layout_rooms, nicolae_figureground_pulse, uniq_jessica, uniq_grinder

Skill      XL: |  1  2  3  4 |
---------------+-------------+-----
Short Blades   | 2 |  2.0
Fighting       | 1 |  1.0
Stealth        | 5 |  5.6
Dodging        | 3 |  3.0
Ice Magic      | 1 |  1.0
Spellcasting   | |  2.2
Conjurations   | |  0.6
Hexes          | |  3.9

Action                     |  1- 3 |  4- 6 || total
---------------------------+-------+-------++-------
  Melee: Dagger            |    96 |    65 ||   161
   Cast: Ensorcelled Hiber |    15 |    10 ||    25
         Confusing Touch   |       |     2 ||     2
    Use: Scroll            |     4 |     2 ||     6
   Stab: Sleeping          |    19 |    10 ||    29
         Confused          |       |     1 ||     1
 Armour: Robe              |    31 |    12 ||    43
  Dodge: Dodged            |    58 |    31 ||    89

Table legend: (Time is in decaauts)
 A = Elapsed time spent in this place.
 B = Non-inter-level travel time spent in this place.
 C = Inter-level travel time spent in this place.
 D = Time resting spent in this place.
 E = Time spent auto-exploring this place.
 F = Levels seen in this place.
 G = Mean time per level.
                   A        B        C        D        E       F      G
               +--------+--------+--------+--------+--------+-----+--------+
         Total |   2656 |   2584 |     72 |     10 |   1831 |   3 |  885.3 |
       Dungeon |   2656 |   2584 |     72 |     10 |   1831 |   3 |  885.3 |
               +--------+--------+--------+--------+--------+-----+--------+

Top non-repeatable levels by time:
     D:2: 918 daAuts
     D:1: 900 daAuts
     D:3: 837 daAuts
